 Dungeon Crawl Stone Soup version 0.28-a0-1374-ga75cb3825e (webtiles) character file.

Game seed: 13410507063426022585

29433 dolemite99 the Cleaver (level 13, -9/116 HPs)
             Began as a Minotaur Fighter on Jan 1, 2022.
             Was an Elder of Okawaru.
             Mangled by a catoblepas (19 damage)
             ... on level 6 of the Lair of Beasts.
             The game lasted 00:21:47 (17258 turns).

dolemite99 the Cleaver (Minotaur Fighter)          Turns: 17258, Time: 00:21:47

Health: -9/116     AC: 20    Str: 26    XL:     13   Next: 15%
Magic:  18/18      EV: 12    Int:  5    God:    Okawaru [****..]
Gold:   1173       SH:  0    Dex: 10    Spells: 12/12 levels left

rFire   . . .      SeeInvis .   b - +2 dire flail (drain)
rCold   . . .      Faith    .   (shield currently unavailable)
rNeg    . . .      Spirit   .   N - +1 chain mail {rPois}
rPois   +          Reflect  .   (helmet restricted)
rElec   .          Harm     .   G - +2 cloak
rCorr   .          Rampage  .   y - +2 pair of gloves
Will    .....                   (no boots)
Stlth   ..........              (no amulet)
HPRegen 0.29/turn               q - +4 ring of evasion
MPRegen 0.16/turn               A - ring of poison resistance

@: finesse-ful, slowed, invisible, very slow
A: horns 2, retaliatory headbutt
a: Renounce Religion, Heroism, Finesse


You were on level 6 of the Lair of Beasts.
You worshipped Okawaru.
Okawaru was greatly pleased with you.
You visited 2 branches of the dungeon, and saw 16 of its levels.
You also visited: Bailey.

You collected 1173 gold pieces.

Inventory:

Hand Weapons
 a - the +7 mace "Concordance" {drain, SInv}
   (You found it on level 3 of the Dungeon)

   A truly terrible weapon, it drains the life of any living foe it strikes.
   SInv:      It lets you see invisible.
 b - a +2 dire flail of draining (weapon)
 g - a +0 mace of holy wrath
 h - a +0 broad axe
 t - a +0 morningstar
 u - a +0 war axe
 w - a +0 hand axe of freezing
 C - a +0 flail
 H - a +4 flail of holy wrath
 O - the +4 rapier "Xikauh" {vorpal, rCorr}
   (You found it on level 2 of the Lair of Beasts)

   It inflicts extra damage upon your enemies.
   rCorr:     It protects you from acid and corrosion.
Missiles
 e - 155 arrows
 j - 12 boomerangs (quivered)
 k - 104 bolts
 m - 470 stones
 n - 56 poisoned darts
 r - 6 javelins
 v - 11 curare-tipped darts
 z - 45 sling bullets
Armour
 c - a +0 buckler
 p - a +0 plate armour
 y - a +2 pair of gloves (worn)
 E - a +0 kite shield
 G - a +2 cloak (worn)
 N - a +1 chain mail of poison resistance (worn)
 P - the +0 cloak of Fortification {rC++ rN++ Will-}
   (Okawaru gifted it to you on level 1 of the Lair of Beasts)

   rC:        It greatly protects you from cold.
   rN:        It greatly protects you from negative energy.
   Will:      It decreases your willpower.
Jewellery
 q - a +4 ring of evasion (left hand)
 A - a ring of poison resistance (right hand)
 M - a ring of wizardry
 R - a ring of protection from fire
Wands
 d - a wand of digging (2)
 K - a wand of charming (1)
 S - a wand of mindburst (9)
 T - a wand of flame (7)
Scrolls
 x - 2 scrolls of enchant armour
 Q - 3 scrolls of identify {@r1}
 U - a scroll of fog
Potions
 f - 4 potions of brilliance
 i - a potion of resistance
 l - a potion of invisibility
 o - 2 potions of flight
 s - 6 potions of curing
 D - a potion of magic
 F - 3 potions of attraction
 I - 4 potions of haste
 J - a potion of lignification


   Skills:
 + Level 11.3 Fighting
 - Level 14.8(16.1) Axes
 - Level 10.5(14.0) Maces & Flails
 + Level 11.3 Armour
 - Level 3.6 Shields
 - Level 8.7 Invocations
 * Level 6.0 Evocations


You had 12 spell levels left.
You didn't know any spells.
Your spell library contained the following spells:

 Spells                   Type           Power      Damage    Failure   Level
 Beastly Appendage        Tmut           0%         N/A       94%         1
 Magic Dart               Conj           0%         1d3       94%         1
 Shock                    Conj/Air       0%         1d3       94%         1
 Corpse Rot               Necr/Air       0%         N/A       98%         2
 Ensorcelled Hibernation  Hex/Ice        0%         N/A       98%         2
 Passwall                 Tmut/Erth      0%         N/A       98%         2
 Poisonous Vapours        Pois/Air       0%         N/A       98%         2
 Scorch                   Fire           0%         2d5       98%         2
 Wereblood                Tmut           0%         N/A       98%         2
 Dazzling Flash           Conj/Hex       0%         N/A       100%        3
 Gell's Gravitas          Tloc           0%         N/A       100%        3
 Mephitic Cloud           Conj/Pois/Air  0%         N/A       100%        3
 Spider Form              Tmut/Pois      0%         N/A       100%        3
 Swiftness                Air            0%         N/A       100%        3
 Teleport Other           Tloc           0%         N/A       100%        3
 Airstrike                Air            0%         N/A       100%        4
 Flame Wave               Conj/Fire      0%         2d4       100%        4
 Passage of Golubria      Tloc           0%         N/A       100%        4
 Agony                    Necr           0%         N/A       100%        5
 Blade Hands              Tmut           0%         N/A       100%        5
 Silence                  Hex/Air        0%         N/A       100%        5
 Yara's Violent Unravell  Hex/Tmut       0%         3d3       100%        5
 Dispersal                Tloc           0%         N/A       100%        6
 Iron Shot                Conj/Erth      0%         9d1       100%        6
 Enfeeble                 Hex            0%         N/A       100%        7
 Summon Small Mammal      Summ           Unusable   N/A       N/A         1
 Call Imp                 Summ           Unusable   N/A       N/A         2
 Tukima's Dance           Hex            Unusable   N/A       N/A         3
 Animate Armour           Summ/Erth      Unusable   N/A       N/A         4
 Summon Cactus Giant      Summ           Unusable   N/A       N/A         6

Dungeon Overview and Level Annotations

Branches:
Dungeon (11/15)            Temple (0/1) D:5            Lair (4/6) D:11
  Snake (0/4) Lair:2       Spider (0/4) Lair:2        Slime (0/5) Lair:6
    Orc (0/2) D:10         Bailey (visited)

Altars:
Cheibriados
Okawaru
Ru
Trog
Vehumet
Zin
Beogh
Jiyva

Annotations:
D:10 exclusion: downstairs
D:11 exclusion: statue
Lair:2 2 transporters, Upleoris's ghost, journeyman TrMo


Innate Abilities, Weirdness & Mutations

You have a pair of horns on your head.
You reflexively headbutt those who attack you in melee.


Message History

You fall asleep.
The catoblepas barely misses you. The death yak gores you!
You wake up.
* * * LOW HITPOINT WARNING * * *
The blink frog blinks!
The torpor snail bites you but does no damage.
You feel much better.
The death yak stops moving altogether!
The catoblepas closely misses you. The catoblepas completely misses you.
The torpor snail bites you but does no damage.
You fade into invisibility!
The yak is no longer petrified.
The komodo dragon is no longer petrified.
The komodo dragon bites you!
* * * LOW HITPOINT WARNING * * *
The catoblepas barely misses you. You furiously retaliate!
You headbutt the catoblepas. The komodo dragon bites you!!
* * * LOW HITPOINT WARNING * * *
The torpor snail closely misses you.
You impale the catoblepas!! You headbutt the catoblepas.
The catoblepas is heavily wounded.
The catoblepas gores you but does no damage.
Unknown command.
You hit the komodo dragon. You drain the komodo dragon.
You headbutt the komodo dragon, but do no damage.
The komodo dragon is heavily wounded.
The komodo dragon bites you.
* * * LOW HITPOINT WARNING * * *
You catch the helpless catoblepas completely off-guard!
You sock the catoblepas!
You headbutt the catoblepas, but do no damage.
The catoblepas is severely wounded.
The torpor snail closely misses you.
Aiming: Dig
Press: ? - help, Shift-Dir - straight line A rock wall.
The rock shatters into small pieces.
The catoblepas gores you but does no damage.
The komodo dragon closely misses you. You furiously retaliate!
You headbutt the komodo dragon, but do no damage.
The catoblepas gores you!!
You die...

...#...##
.....>..# .
...._..# ..
#...PP# ♣.
#...PP# ♣.
#.#F.P## ♣♣..
#.#..P.###
♣♣.(.Y#Y#......#
.....YY@l.F...##
.....F#Yw##P...#
.....
..#Y###....#
.... ...#.Fw
...P.# .P. ..<..
......... ..
....Y. .....#.#.
P .....F.
........
♣........
##..#.#.


You could see a death yak (petrified), a catoblepas, 2 torpor snails, a komodo
dragon (drained), 3 yaks, 2 cane toads, 2 blink frogs and 2 dream sheep.

Vanquished Creatures
  An orc warlord (D:8)
  Erolcha (D:9)
  A boulder beetle (D:11)
  A hydra (Lair:1)
  2 two-headed ogres (D:10)
  4 orc knights (Bailey)
  A deep elf pyromancer (D:11)
  A black mamba (Lair:2)
  An unseen horror (D:7)
  7 cane toads
  A rime drake (Lair:3)
  4 komodo dragons
  2 polar bears
  A hornet (D:4)
  6 blink frogs
  11 wyverns
  4 yaks
  7 spriggans (Lair:2)
  A basilisk (D:11)
  A steam dragon (D:7)
  Edmund (D:6)
  Menkaure (D:5)
  4 vampire mosquitoes (D:10)
  3 nagas (Lair:2)
  3 water moccasins
  22 orc warriors
  A swamp drake (D:11)
  2 ice beasts
  A black bear (D:7)
  3 ogres
  3 necrophages
  14 wolves (Lair:3)
  2 centaurs
  A phantom (D:6)
  3 kobold brigands
  8 bullfrogs
  A wyvern zombie (D:6)
  A gnoll sergeant (D:10)
  A scorpion (D:6)
  A water moccasin zombie (D:6)
  5 killer bees (D:10)
  3 electric eels
  3 howler monkeys
  4 bullfrog zombies
  3 centaur zombies
  5 hounds
  2 jellies
  7 orc priests
  2 gnoll shamans
  2 iguanas
  6 orc wizards
  A howler monkey zombie (D:9)
  25 gnolls
  6 adders
  2 white imps
  An ufetubus (D:4)
  A worm (D:2)
  3 dart slugs
  62 orcs
  8 ball pythons
  5 endoplasms
  4 giant cockroaches
  8 goblins
  13 hobgoblins
  6 jackals
  3 quokkas
  4 bats
  4 frilled lizards
  21 kobolds
  A quokka skeleton (D:4)
  8 rats
362 creatures vanquished.

Vanquished Creatures (others)
  A naga (Lair:2)
  3 fungi
  14 plants
18 creatures vanquished.

Grand Total: 380 creatures vanquished

Notes
Turn   | Place    | Note
-------+----------+-------------------------------------------
     0 | D:1      | dolemite99 the Minotaur Fighter began the quest for the
                  | Orb.
     0 | D:1      | Reached XP level 1. HP: 19/19 MP: 0/0
    55 | D:1      | Reached skill level 3 in Axes
   100 | D:1      | Reached XP level 2. HP: 26/26 MP: 1/1
   417 | D:1      | Reached skill level 4 in Axes
   938 | D:2      | Reached XP level 3. HP: 28/31 MP: 2/2
  1600 | D:2      | Reached skill level 5 in Axes
  2191 | D:3      | Reached XP level 4. HP: 22/39 MP: 3/3
  2525 | D:3      | Found a sacrificial altar of Ru.
  2928 | D:3      | Found an iron altar of Okawaru.
  2937 | D:3      | Identified the +7 mace "Concordance" {drain, SInv}
  2953 | D:3      | Became a worshipper of Warmaster Okawaru
  3080 | D:3      | Noticed a bullfrog
  3087 | D:3      | Killed a bullfrog
  3088 | D:3      | Reached XP level 5. HP: 40/45 MP: 4/4
  3283 | D:3      | Found a faded altar of an unknown god.
  3297 | D:3      | Got Plato's Guide on Companions
  3567 | D:4      | Noticed a hornet
  3574 | D:4      | Killed a hornet
  3574 | D:4      | Reached * piety under Okawaru
  3575 | D:4      | Reached XP level 6. HP: 39/51 MP: 5/5
  3826 | D:4      | Reached XP level 7. HP: 52/57 MP: 6/6
  4243 | D:4      | You fall into a shaft and drop 1 floor!
  4243 | D:5      | Entered Level 5 of the Dungeon
  4554 | D:5      | Noticed Menkaure
  4566 | D:5      | Killed Menkaure
  4566 | D:5      | Reached ** piety under Okawaru
  5022 | D:5      | Found a staircase to the Ecumenical Temple.
  5256 | D:6      | Reached XP level 8. HP: 21/64 MP: 7/7
  5432 | D:6      | Reached skill level 10 in Maces & Flails
  5726 | D:6      | Reached *** piety under Okawaru
  5767 | D:6      | Noticed Edmund
  5780 | D:6      | Killed Edmund
  6361 | D:6      | Reached skill level 5 in Invocations
  6591 | D:7      | Reached XP level 9. HP: 57/70 MP: 10/12
  6594 | D:7      | Noticed an unseen horror
  6603 | D:7      | Killed an unseen horror
  6679 | D:7      | Reached **** piety under Okawaru
  6977 | D:7      | Found a glowing silver altar of Zin.
  7027 | D:7      | Reached skill level 5 in Fighting
  7027 | D:7      | Reached skill level 5 in Armour
  7635 | D:8      | Found a flagged portal.
  7645 | Bailey   | Entered a bailey
  7847 | Bailey   | Noticed an orc knight
  7866 | Bailey   | Killed an orc knight
  7969 | Bailey   | Reached XP level 10. HP: 83/86 MP: 11/14
  8056 | Bailey   | Noticed an orc knight
  8081 | Bailey   | Killed an orc knight
  8082 | Bailey   | Noticed an orc knight
  8097 | Bailey   | Killed an orc knight
  8097 | Bailey   | Reached ***** piety under Okawaru
  8294 | Bailey   | Noticed an orc knight
  8314 | Bailey   | Killed an orc knight
  8522 | Bailey   | Noticed an orc warlord
  8535 | Bailey   | Reached skill level 12 in Axes
  8535 | Bailey   | Reached XP level 11. HP: 64/97 MP: 15/15
  8656 | D:8      | Killed an orc warlord
  9492 | D:9      | Reached skill level 13 in Axes
  9762 | D:9      | Noticed Erolcha
  9766 | D:9      | Found a snail-covered altar of Cheibriados.
  9771 | D:9      | Killed Erolcha
 10258 | D:10     | Entered Level 10 of the Dungeon
 10300 | D:10     | Reached skill level 14 in Axes
 10357 | D:10     | Noticed a two-headed ogre
 10368 | D:10     | Killed a two-headed ogre
 10369 | D:10     | Reached XP level 12. HP: 101/106 MP: 13/16
 10398 | D:10     | Noticed a two-headed ogre
 10414 | D:10     | Killed a two-headed ogre
 10606 | D:10     | Found a bloodstained altar of Trog.
 10935 | D:10     | Found a staircase to the Orcish Mines.
 11297 | D:10     | Found a radiant altar of Vehumet.
 11882 | D:11     | Noticed a boulder beetle
 12190 | D:11     | Killed a boulder beetle
 12892 | D:11     | Found a radiant altar of Vehumet.
 13501 | D:11     | Reached skill level 1 in Evocations
 13527 | D:11     | Reached skill level 10 in Fighting
 13527 | D:11     | Reached skill level 10 in Armour
 13589 | D:11     | Found a staircase to the Lair.
 13842 | Lair:1   | Entered Level 1 of the Lair of Beasts
 13951 | Lair:1   | Noticed a four-headed hydra
 13958 | Lair:1   | Killed a four-headed hydra
 14070 | Lair:1   | Identified the +0 cloak of Fortification {rC++ rN++ Will-}
                  | (Okawaru gifted it to you on level 1 of the Lair of Beasts)
 14070 | Lair:1   | Received a gift from Okawaru
 15160 | Lair:2   | Found a transporter.
 15164 | Lair:2   | Noticed Upleoris's ghost (journeyman TrMo)
 15166 | Lair:2   | Found a bloodstained altar of Trog.
 15198 | Lair:2   | Found a transporter.
 15218 | Lair:2   | Identified the +4 rapier "Xikauh" {vorpal, rCorr}
 15259 | Lair:2   | Found a staircase to the Snake Pit.
 15278 | Lair:2   | Found a hole to the Spider Nest.
 15598 | Lair:2   | Reached skill level 5 in Evocations
 16316 | Lair:3   | Reached XP level 13. HP: 88/116 MP: 18/18
 17209 | Lair:4   | You fall into a shaft and drop 2 floors!
 17209 | Lair:6   | Entered Level 6 of the Lair of Beasts
 17223 | Lair:6   | Found a viscous altar of Jiyva.
 17223 | Lair:6   | Found a staircase to the Slime Pits.
 17258 | Lair:6   | Mangled by a catoblepas

Illustrated notes

Levels and vault maps discovered:
D:1:      scummos_arrival_hexagon, layout_loops_cross
D:2:      layout_loops_corners, serial_co_window_serial, co_window_paths_a,
          co_window_paths_a, co_window_cross_1, co_window_paths_a,
          co_window_of_opportunity_a, co_window_corner_a, co_window_cross_1,
          co_window_unsneaky_path_c, co_window_corner_b,
          co_window_unsneaky_path_b, co_window_unsneaky_path_c,
          co_window_of_opportunity_b, co_window_4corner_a, glass_columns_c,
          glass_columns_b
D:3:      layout_loops_ring, okawaru_ov_weapons_minmay, amcnicky_altar_gilded,
          shapermc_ecumenical_altar_rom_forum
D:4:      layout_basic
D:5:      layout_basic, minmay_temple_entry_drinking_statues, uniq_menkaure
D:6:      layout_basic, lemuel_flamethrower_2, uniq_edmund
D:7:      layout_rooms, zin_statuary, st_stairs_1
D:8:      layout_basic, enter_bailey_6
D:9:      layout_loops_ring, mainiacjoe_overflow_alcove_2, serial_rivers,
          chequers_serial_rivers_micro_a, chequers_serial_rivers_micro_d,
          chequers_serial_rivers_large_a, chequers_serial_rivers_room_b,
          chequers_serial_rivers_small_b, chequers_serial_rivers_micro_e,
          kennysheep_generic_room_5, uniq_erolcha
D:10:     layout_loops_ring, mainiacjoe_overflow_alcove_1, kennysheep_mini_moat,
          erik_orc_2
D:11:     layout_cave_pools, erik_lair_dragon, special_room [special_room_orc],
          vehumet_statue
Lair:1:   layout_regular_city, minivault_24
Lair:2:   kb_forest_paths, layout_loops_ring,
          minmay_snake_entry_guardpost_small, dummy_spider_entry,
          portal_ice_cave_entry_imps, gammafunk_ghost_wrathful_warriors
Lair:3:   layout_gridlike
Lair:4:   nzn_winding_woodlands_stair_cross [nzn_winding_woodlands_5x15_zeroes,
          nzn_winding_woodlands_center_lodge, nzn_winding_woodlands_5x15_jagged,
          nzn_winding_woodlands_5x5_cross,
          nzn_winding_woodlands_5x5_checkerboard,
          nzn_winding_woodlands_5x15_eye, nzn_winding_woodlands_center_garden,
          nzn_winding_woodlands_5x15_default], layout_hall_layers
Lair:6:   hellmonk_lair_end_abyssal_woods, layout_hall_layers, slime_altar_1,
          st_stairs_12, nicolae_lair_yak_garden

Skill      XL: |  1  2  3  4  5  6  7  8  9 10 11 12 13 |
---------------+----------------------------------------+-----
Axes           | 3 4 5 12 14 | 14.8
Maces & Flails | 2 6 7 9 10 | 10.5
Invocations    | 6 7 8 |  8.7
Fighting       | 7 9 11 | 11.3
Armour         | 7 9 11 | 11.3
Evocations     | 5 6 |  6.0
Shields        | |  3.6

Action                   |  1- 3 |  4- 6 |  7- 9 | 10-12 | 13-15 || total
-------------------------+-------+-------+-------+-------+-------++-------
Melee: War axe           |    79 |    22 |       |       |       ||   101
       Headbutt          |     9 |     7 |    29 |    91 |    18 ||   154
       Mace              |       |    56 |   230 |    72 |       ||   358
       Broad axe         |       |       |       |   218 |       ||   218
       Dire flail        |       |       |       |   145 |    64 ||   209
Throw: Boomerang         |     8 |       |       |    90 |    15 ||   113
       Dart              |    12 |    28 |   100 |    44 |       ||   184
       Throwing net      |       |       |       |     1 |       ||     1
Invok: Heroism           |       |       |    12 |    29 |     2 ||    43
       Finesse           |       |       |       |     5 |     1 ||     6
Evoke: Wand              |       |       |       |    13 |     4 ||    17
  Use: Scroll            |     2 |       |    11 |    13 |     1 ||    27
       Potion            |       |     1 |     2 |     9 |     3 ||    15
 Stab: Invisible         |       |       |       |     7 |     1 ||     8
Armor: Scale mail        |    32 |     7 |       |       |       ||    39
       Chain mail        |       |    34 |   101 |    66 |    35 ||   236
       Plate armour      |       |       |       |   101 |       ||   101
Dodge: Dodged            |    35 |    36 |    86 |   169 |    45 ||   371
Block: Buckler           |    23 |    11 |    50 |    49 |       ||   133

Table legend: (Time is in decaauts)
 A = Elapsed time spent in this place.
 B = Non-inter-level travel time spent in this place.
 C = Inter-level travel time spent in this place.
 D = Time resting spent in this place.
 E = Time spent auto-exploring this place.
 F = Levels seen in this place.
 G = Mean time per level.
                   A        B        C        D        E       F      G
               +--------+--------+--------+--------+--------+-----+--------+
         Total |  17125 |  16261 |    864 |   2842 |  10076 |  17 | 1007.4 |
       Dungeon |  12831 |  12134 |    697 |   2393 |   7249 |  11 | 1166.5 |
          Lair |   3347 |   3180 |    167 |    168 |   2501 |   5 |  669.4 |
        Bailey |    945 |    945 |      0 |    281 |    326 |   1 |  945.0 |
               +--------+--------+--------+--------+--------+-----+--------+

Top non-repeatable levels by time:
    D:11: 1952 daAuts
     D:2: 1632 daAuts
  Lair:2: 1488 daAuts
    D:10: 1345 daAuts
     D:6: 1333 daAuts
     D:9: 1202 daAuts
     D:4: 1104 daAuts
  Lair:3: 1057 daAuts
     D:3: 973 daAuts
  Bailey: 945 daAuts
     D:8: 937 daAuts
     D:1: 868 daAuts
     D:5: 756 daAuts
  Lair:1: 748 daAuts
     D:7: 724 daAuts
